 Dungeon Sprint DCSS version 0.17-b1-36-g7b1967c (webtiles) character file.

47545278 hexophile the Middleweight Champion (level 24, 249/249 HPs)
             Began as a Ghoul Monk on Nov 6, 2015.
             Was the Champion of Cheibriados.
             Escaped with the Orb
             ... and 9 runes!
             The game lasted 00:28:31 (10849 turns).

hexophile the Middleweight Champion (Ghoul Monk)   Turns: 10849, Time: 00:28:31

Health: 249/249    AC: 40    Str: 41    XL:     24   Next: 34%
Magic:  46/46      EV: 38    Int: 20    God:    Cheibriados [******]
Gold:   1130       SH: 13    Dex: 29    Spells: 3 memorised, 53 levels left

rFire  + + .     SeeInvis +       - Unarmed
rCold  + + .     Clarity  .     q - +8 fire dragon armour {rF++ rC-}
rNeg   + + +     SustAt   .     b - +0 buckler of the Thirteen Spirits {-Cast rElec rC++ MR+}
rPois  ∞         Gourm    .     (no helmet)
rElec  +         Spirit   .     o - +2 cloak {+Inv}
rCorr  +         Warding  .     y - +2 pair of gloves {Dex+3} {Dex+3}
rMut   .         NoTele   +     n - +2 pair of boots of the Assassin {DetectMon Stab+ Stlth++}
MR     ++...     NoCast   +     x - amulet of resist corrosion {rCorr}
Stlth  ++++......               u - ring of see invisible {SInv}
                                s - +2 ring of protection

@: rotting, very slow, very resistant to hostile enchantments, stealthy
A: rotting body, claws 1, carnivore 3, cold resistance 1, negative energy
resistance 3, slow regeneration 1, torment resistance, unbreathing
a: Bend Time, Temporal Distortion, Slouch, Step From Time, Renounce Religion,
Evoke Invisibility
0: Orb of Zot
}: 9/15 runes: decaying, serpentine, barnacled, slimy, elven, silver, golden,
abyssal, gossamer


You escaped.
You worshipped Cheibriados.
Cheibriados was exalted by your worship.
You were not hungry.

You visited 1 branch You collected 1956 gold pieces.
You spent 826 gold pieces at shops.


Innate Abilities, Weirdness & Mutations

Your body is rotting away.
You thrive on raw meat.
You are immune to poison.
You have sharp fingernails.
You are carnivorous and can eat meat at any time.
Your flesh is cold resistant.
You are immune to negative energy.
You regenerate slowly when monsters are visible.
You are immune to unholy pain and torment.
You can survive without breathing.

Inventory:

Armour
 b - the +0 buckler of the Thirteen Spirits (worn) {-Cast rElec rC++ MR+}
   (You found it in the Dungeon)

   It greatly protects you from cold.
   It insulates you from electricity.
   It affects your resistance to hostile enchantments.
   It prevents spellcasting.
 n - the +2 pair of boots of the Assassin (worn) {DetectMon Stab+ Stlth++}
   (You found it in the Dungeon)

   It makes you much more stealthy.
 o - a +2 cloak of invisibility (worn)
 q - a +8 fire dragon armour (worn) {rF++ rC-}
 y - a +2 pair of gloves of dexterity (worn) {Dex+3}
Jewellery
 s - a +2 ring of protection (left hand)
 u - a ring of see invisible (right hand) {SInv}
 x - an amulet of resist corrosion (around neck) {rCorr}
Wands
 l - a wand of cold (1)
 w - a wand of flame (22)
Scrolls
 e - 4 scrolls of identify
 g - 5 scrolls of fog
 h - 2 scrolls of blinking
 k - 6 scrolls of remove curse
 m - a scroll of enchant armour
 p - 2 scrolls of recharging
 z - 6 scrolls of enchant weapon
 B - a scroll of fear
Potions
 a - a potion of resistance {rF+ rC+ rPois rElec rCorr}
 c - 8 potions of curing
 d - 15 potions of heal wounds
 f - 4 potions of magic
 i - 2 potions of brilliance {Archmagi Int+5 Wiz++}
 j - a potion of invisibility
 A - 3 potions of might {Str+5 DMG+1d10}
Books
 C - a book of Transfigurations

   Spells                             Type                      Level
   a - Stoneskin                      Transmutation/Earth          2
   b - Irradiate                      Conjuration/Transmutation    5
   c - Statue Form                    Transmutation/Earth          6
   d - Hydra Form                     Transmutation                6
   e - Dragon Form                    Transmutation                7
 E - a book of Alchemy

   Spells                             Type                      Level
   a - Sublimation of Blood           Necromancy                   2
   b - Ignite Poison                  Fire/Transmutation/Poison    3
   c - Alistair's Intoxication        Transmutation/Poison         4
   d - Condensation Shield            Ice                          4
   e - Petrify                        Transmutation/Earth          4
   f - Irradiate                      Conjuration/Transmutation    5
Miscellaneous
 v - a disc of storms
Comestibles
 r - a bread ration
 F - 40 fruits


You had 53 spell levels left.
You knew the following spells:

 Your Spells              Type           Power        Failure   Level  Hunger
a - Condensation Shield   Ice            ###.......   34%         4    None
b - Alistair's Intoxicat  Trmt/Pois      #######.     0%          4    None
c - Ignite Poison         Fire/Trmt/Pois #######.     0%          3    None


   Skills:
 O Level 27 Fighting
 O Level 27 Armour
 O Level 27 Dodging
 O Level 27 Stealth
 O Level 27 Shields
 O Level 27 Unarmed Combat
 + Level 20.6 Spellcasting
 * Level 21.6 Transmutations
 * Level 20.2 Fire Magic
 * Level 23.3 Poison Magic
 O Level 27 Invocations
 O Level 27 Evocations

Dungeon Overview and Level Annotations

Branches:
Dungeon (1/1)

Altars:
Cheibriados
Dithmenos
Elyvilon
Fedhas
Gozag
Kikubaaqudgha
Makhleb
Nemelex Xobeh
Okawaru
Qazlal
Ru
Sif Muna
Trog
Vehumet
Xom
Yredelemnul
Zin
The Shining One
Beogh
Jiyva
Lugonu

Shops:
D ![(?

Vault maps used:
D:        linesprint
There     were no monsters in sight!


Message History

No target in view!
There is a stormy altar of Qazlal here.
No target in view!
There is a shadowy altar of Dithmenos here.
No target in view!
There is a snail-covered altar of Cheibriados here.
No target in view!
An orange demon comes into view.
There is a blossoming altar of Fedhas here.
There is a corrupted altar of Lugonu here.
There is a roughly hewn altar of Beogh here.
There is a white marble altar of Elyvilon here.
There is a sparkling altar of Nemelex Xobeh here.
There is a bloodstained altar of Trog here.
You pummel the orange demon like a punching bag!!!
The orange demon is almost dead.
The orange demon completely misses you. You block the orange demon's attack.
You hit the orange demon.
The orange demon is almost dead.
You pummel the orange demon!!
You kill the orange demon!
Cheibriados appreciates the change of pace.
No target in view!
There is a deep blue altar of Sif Muna here.
No target in view!
There is a burning altar of Makhleb here.
No target in view!
There is an iron altar of Okawaru here.
No target in view!
There is a radiant altar of Vehumet here.
No target in view!
There is a shimmering altar of Xom here.
No target in view!
There is a basalt altar of Yredelemnul here.
No target in view!
There is an ancient bone altar of Kikubaaqudgha here.
No target in view!
There is a glowing golden altar of the Shining One here.
No target in view!
There is a glowing silver altar of Zin here.
No target in view!
There is an open door to the Temple here.
No target in view!
No target in view!
There is an open door here.
Things that are here:
4 stones; a club
There is an open door to the Dungeon here.
There is a staircase leading out of the dungeon here.
You have escaped!

Action                   |  1- 3 |  4- 6 |  7- 9 | 10-12 | 13-15 | 16-18 | 19-21 | 22-24 || total
-------------------------+-------+-------+-------+-------+-------+-------+-------+-------++-------
Melee: Unarmed           |    30 |     1 |    39 |   111 |   352 |   580 |   414 |   678 ||  2205
Invok: Slouch            |       |       |     1 |     9 |    16 |    13 |    14 |    23 ||    76
       Bend Time         |       |       |       |     3 |     5 |       |     1 |     2 ||    11
Evoke: Wand              |     2 |     1 |     3 |       |       |       |       |       ||     6
       Disc of storms    |       |       |       |       |       |       |     1 |       ||     1
  Use: Potion            |       |       |       |     1 |     1 |     1 |       |       ||     3
       Scroll            |       |       |       |     6 |       |     5 |       |     1 ||    12
 Stab: Sleeping          |     2 |       |       |       |     1 |     2 |     7 |     6 ||    18
       Distracted        |       |       |       |       |       |     1 |       |     5 ||     6
  Eat: Chunk             |     1 |       |     4 |    15 |    28 |    14 |     6 |    21 ||    89
       Meat ration       |       |       |       |     1 |       |       |       |       ||     1

Notes
Turn   | Place    | Note
--------------------------------------------------------------
     0 | D        | hexophile the Ghoul Monk began the quest for the Orb.
     0 | D        | Reached XP level 1. HP: 19/19 MP: 0/0
     6 | D        | Reached skill level 5 in Unarmed Combat
   134 | D        | Noticed a worker ant
   139 | D        | Killed a worker ant
   139 | D        | Reached skill level 7 in Unarmed Combat
   139 | D        | Reached XP level 2. HP: 23/26 MP: 1/1
   139 | D        | Reached XP level 3. HP: 27/31 MP: 2/2
   147 | D        | Reached skill level 8 in Unarmed Combat
   163 | D        | Found a glowing silver altar of Zin.
   163 | D        | Found a glowing golden altar of the Shining One.
   163 | D        | Found an ancient bone altar of Kikubaaqudgha.
   163 | D        | Found a basalt altar of Yredelemnul.
   163 | D        | Found a shimmering altar of Xom.
   163 | D        | Found a radiant altar of Vehumet.
   164 | D        | Found an iron altar of Okawaru.
   165 | D        | Found a burning altar of Makhleb.
   166 | D        | Found a deep blue altar of Sif Muna.
   167 | D        | Found a bloodstained altar of Trog.
   168 | D        | Found a sparkling altar of Nemelex Xobeh.
   169 | D        | Found a white marble altar of Elyvilon.
   170 | D        | Found a roughly hewn altar of Beogh.
   171 | D        | Found a viscous altar of Jiyva.
   172 | D        | Found a corrupted altar of Lugonu.
   173 | D        | Found a blossoming altar of Fedhas.
   174 | D        | Found a snail-covered altar of Cheibriados.
   175 | D        | Found a shadowy altar of Dithmenos.
   176 | D        | Found a stormy altar of Qazlal.
   177 | D        | Found an opulent altar of Gozag.
   178 | D        | Found a sacrificial altar of Ru.
   182 | D        | Became a worshipper of Cheibriados the Contemplative
   182 | D        | Reached * piety under Cheibriados
   182 | D        | Reached ** piety under Cheibriados
   196 | D        | Got the +2 halberd of the Assorted Eyes {antimagic, MR+ SInv}
   196 | D        | Got the +2 dire flail of Daruymis {freeze, rN+}
   196 | D        | Got the +2 rapier "Sapatrig" {pierce, *Noise rF+ MR- Str+9}
   230 | D        | Noticed a troll
   230 | D        | Noticed a hippogriff
   230 | D        | Noticed a hill giant
   230 | D        | Noticed a hippogriff
   233 | D        | Killed a troll
   233 | D        | Reached skill level 13 in Unarmed Combat
   233 | D        | Reached XP level 4. HP: 24/38 MP: 3/3
   233 | D        | Reached XP level 5. HP: 28/45 MP: 4/4
   233 | D        | Reached XP level 6. HP: 31/51 MP: 5/5
   233 | D        | Killed a hippogriff
   233 | D        | Reached skill level 15 in Unarmed Combat
   235 | D        | Killed a hill giant
   235 | D        | Reached *** piety under Cheibriados
   235 | D        | Reached skill level 7 in Fighting
   235 | D        | Reached skill level 16 in Unarmed Combat
   235 | D        | Reached XP level 7. HP: 34/67 MP: 6/6
   238 | D        | Killed a hippogriff
   238 | D        | Reached skill level 8 in Fighting
   238 | D        | Reached XP level 8. HP: 38/75 MP: 7/7
   333 | D        | Noticed a manticore
   333 | D        | Noticed a hippogriff
   333 | D        | Noticed a kobold demonologist
   333 | D        | Noticed an orc warrior
   333 | D        | Noticed a troll
   337 | D        | Killed a manticore
   337 | D        | Reached **** piety under Cheibriados
   337 | D        | Reached skill level 10 in Fighting
   337 | D        | Reached skill level 17 in Unarmed Combat
   340 | D        | Noticed a blue devil
   343 | D        | Killed a hippogriff
   343 | D        | Reached skill level 2 in Invocations
   353 | D        | Noticed a smoke demon
   354 | D        | Killed a kobold demonologist
   354 | D        | Reached skill level 4 in Invocations
   354 | D        | Reached XP level 9. HP: 31/86 MP: 8/11
   356 | D        | Killed an orc warrior
   356 | D        | Reached ***** piety under Cheibriados
   356 | D        | Reached skill level 11 in Fighting
   359 | D        | Killed a troll
   359 | D        | Reached skill level 5 in Invocations
   690 | D        | Noticed a spiny frog
   690 | D        | Noticed a porcupine
   690 | D        | Noticed a water moccasin
   690 | D        | Noticed a hippogriff
   690 | D        | Noticed a porcupine
   690 | D        | Noticed a spiny frog
   694 | D        | Noticed a giant frog
   695 | D        | Killed a spiny frog
   695 | D        | Reached skill level 18 in Unarmed Combat
   695 | D        | Reached skill level 6 in Invocations
   696 | D        | Killed a porcupine
   699 | D        | Noticed a yak
   703 | D        | Killed a water moccasin
   703 | D        | Reached skill level 12 in Fighting
   705 | D        | Killed a hippogriff
   705 | D        | Reached skill level 7 in Invocations
   705 | D        | Killed a porcupine
   705 | D        | Reached ****** piety under Cheibriados
   705 | D        | Killed a giant frog
   709 | D        | Killed a spiny frog
   709 | D        | Reached skill level 8 in Invocations
   712 | D        | Killed a yak
   712 | D        | Reached XP level 10. HP: 42/100 MP: 8/15
   935 | D        | Noticed a komodo dragon
   935 | D        | Noticed a death yak
   935 | D        | Noticed a water moccasin
   935 | D        | Noticed a giant frog
   935 | D        | Noticed a komodo dragon
   936 | D        | Killed a water moccasin
   936 | D        | Reached skill level 3 in Dodging
   936 | D        | Killed a giant frog
   936 | D        | Reached skill level 1 in Armour
   938 | D        | Noticed a water moccasin
   940 | D        | Noticed a water moccasin
   941 | D        | Noticed a porcupine
   944 | D        | Killed a death yak
   944 | D        | Reached skill level 13 in Fighting
   944 | D        | Reached skill level 2 in Armour
   944 | D        | Reached skill level 4 in Dodging
   945 | D        | Killed a komodo dragon
   945 | D        | Reached skill level 3 in Armour
   946 | D        | Killed a water moccasin
   946 | D        | Killed a water moccasin
   946 | D        | Killed a porcupine
   946 | D        | Reached skill level 5 in Dodging
   947 | D        | Killed a komodo dragon
   947 | D        | Reached skill level 4 in Armour
   947 | D        | Reached skill level 19 in Unarmed Combat
  1035 | D        | Noticed a wolf
  1035 | D        | Noticed a hell hound
  1035 | D        | Noticed a hell hound
  1035 | D        | Noticed a wolf
  1037 | D        | Noticed a wolf
  1038 | D        | Killed a wolf
  1039 | D        | Noticed a hell hound
  1041 | D        | Noticed a warg
  1041 | D        | Killed a hell hound
  1042 | D        | Noticed a wolf
  1043 | D        | Killed a hell hound
  1044 | D        | Killed a wolf
  1044 | D        | Killed a hell hound
  1044 | D        | Killed a wolf
  1044 | D        | Killed a wolf
  1047 | D        | Killed a warg
  1047 | D        | Reached skill level 5 in Armour
  1047 | D        | Reached skill level 6 in Dodging
  1102 | D        | Noticed Erica
  1113 | D        | Killed Erica
  1113 | D        | Reached skill level 14 in Fighting
  1144 | D        | Noticed Joseph
  1158 | D        | Killed Joseph
  1158 | D        | Reached skill level 6 in Armour
  1158 | D        | Reached XP level 11. HP: 97/110 MP: 12/16
  1198 | D        | Noticed an orc wizard
  1198 | D        | Noticed an orc wizard
  1198 | D        | Noticed an orc warrior
  1198 | D        | Noticed an orc warrior
  1201 | D        | Killed an orc wizard
  1202 | D        | Noticed an orc wizard
  1206 | D        | Noticed an orc priest
  1206 | D        | Killed an orc warrior
  1207 | D        | Noticed an orc priest
  1209 | D        | Killed an orc wizard
  1211 | D        | Killed an orc warrior
  1211 | D        | Reached skill level 7 in Dodging
  1213 | D        | Killed an orc wizard
  1218 | D        | Noticed an orc warrior
  1222 | D        | Killed an orc priest
  1224 | D        | Killed an orc warrior
  1226 | D        | Killed an orc priest
  1227 | D        | Noticed an orc warrior
  1233 | D        | Killed an orc warrior
  1266 | D        | Noticed an orc warrior
  1266 | D        | Noticed an orc warrior
  1266 | D        | Noticed an orc warrior
  1266 | D        | Noticed an orc warrior
  1266 | D        | Noticed an orc warrior
  1266 | D        | Noticed an orc wizard
  1267 | D        | Killed an orc warrior
  1268 | D        | Noticed an orc warrior
  1269 | D        | Noticed an orc knight
  1270 | D        | Killed an orc warrior
  1274 | D        | Killed an orc warrior
  1275 | D        | Killed an orc wizard
  1276 | D        | Noticed an orc warrior
  1276 | D        | Killed an orc warrior
  1276 | D        | Killed an orc warrior
  1276 | D        | Killed an orc warrior
  1277 | D        | Noticed an orc priest
  1278 | D        | Noticed an orc sorcerer
  1282 | D        | Noticed an orc warrior
  1282 | D        | Killed an orc knight
  1282 | D        | Reached skill level 7 in Armour
  1283 | D        | Killed an orc warrior
  1287 | D        | Killed an orc priest
  1290 | D        | Killed an orc sorcerer
  1290 | D        | Reached skill level 8 in Dodging
  1291 | D        | Killed an orc warrior
  1339 | D        | Found Xayteiz's Distillery.
  1339 | D        | Noticed an orc sorcerer
  1339 | D        | Noticed an orc wizard
  1339 | D        | Noticed an orc sorcerer
  1339 | D        | Noticed an orc wizard
  1339 | D        | Noticed an orc sorcerer
  1341 | D        | Noticed an orc sorcerer
  1342 | D        | Killed an orc sorcerer
  1342 | D        | Reached skill level 15 in Fighting
  1343 | D        | Killed an orc wizard
  1343 | D        | Killed an orc wizard
  1344 | D        | Noticed an orc wizard
  1344 | D        | Killed an orc sorcerer
  1344 | D        | Reached skill level 20 in Unarmed Combat
  1344 | D        | Killed an orc sorcerer
  1344 | D        | Reached skill level 8 in Armour
  1344 | D        | Killed an orc sorcerer
  1344 | D        | Killed an orc wizard
  1344 | D        | Reached skill level 9 in Dodging
  1427 | D        | Found Egganiomm's Antique Armour Shoppe.
  1431 | D        | Found Tievviam's Weapon Emporium.
  1433 | D        | Noticed an orc sorcerer
  1434 | D        | Found Rikuiclo's Magic Scroll Shoppe.
  1434 | D        | Noticed an orc sorcerer
  1435 | D        | Noticed an orc sorcerer
  1436 | D        | Noticed a soul eater
  1436 | D        | Noticed an orc wizard
  1439 | D        | Killed an orc sorcerer
  1440 | D        | Noticed an orc sorcerer
  1443 | D        | Noticed an orc wizard
  1452 | D        | Killed an orc wizard
  1452 | D        | Killed an orc wizard
  1453 | D        | Killed an orc sorcerer
  1456 | D        | Killed an orc sorcerer
  1456 | D        | Paralysed by an orc sorcerer for 6 turns
  1463 | D        | Killed an orc sorcerer
  1463 | D        | Reached skill level 9 in Armour
  1493 | D        | Bought a potion of experience for 700 gold pieces
  1493 | D        | Bought a potion of might for 56 gold pieces
  1493 | D        | Bought a potion of heal wounds for 70 gold pieces
  1493 | D        | Reached XP level 12. HP: 122/122 MP: 17/17
  1613 | D        | Noticed Erolcha
  1613 | D        | Paralysed by Erolcha for 4 turns
  1622 | D        | Killed Erolcha
  1622 | D        | Reached skill level 16 in Fighting
  1622 | D        | Reached skill level 10 in Dodging
  1678 | D        | Got the cursed +0 morningstar of Fopu Yma {freeze, rElec rF+}
  1705 | D        | Got the cursed +1 robe of Space {MR++ Regen+}
  1708 | D        | Got the cursed +0 buckler of the Thirteen Spirits {-Cast rElec rC++ MR+}
  1837 | D        | Noticed a gargoyle
  1837 | D        | Noticed a wizard
  1837 | D        | Noticed a jelly
  1839 | D        | Killed a gargoyle
  1839 | D        | Reached XP level 13. HP: 127/127 MP: 18/18
  1840 | D        | Noticed a troll
  1842 | D        | Noticed a shadow
  1845 | D        | Noticed a wizard
  1845 | D        | Killed a wizard
  1847 | D        | Noticed a green very ugly thing
  1849 | D        | Killed a jelly
  1850 | D        | Noticed a polar bear
  1856 | D        | Noticed a great orb of eyes
  1861 | D        | Noticed a hell knight
  1861 | D        | Killed a green very ugly thing
  1861 | D        | Reached skill level 10 in Armour
  1863 | D        | Noticed a deep troll shaman
  1864 | D        | Killed a troll
  1866 | D        | Killed a shadow
  1867 | D        | a polar bear changed into a raiju
  1871 | D        | Noticed a wizard
  1879 | D        | Killed a great orb of eyes
  1879 | D        | Reached skill level 21 in Unarmed Combat
  1883 | D        | Killed a hell knight
  1883 | D        | Killed a wizard
  1883 | D        | Reached skill level 11 in Dodging
  1887 | D        | Killed a deep troll shaman
  1887 | D        | Reached skill level 17 in Fighting
  1888 | D        | Killed a wizard
  1943 | D        | Noticed Psyche
  1950 | D        | Killed Psyche
  1950 | D        | Reached skill level 11 in Armour
  2021 | D        | Noticed a vampire mosquito
  2021 | D        | Noticed a bog body
  2021 | D        | Noticed a five-headed hydra
  2021 | D        | Noticed a shadow
  2021 | D        | Noticed an insubstantial wisp
  2021 | D        | Noticed a shambling mangrove
  2023 | D        | Killed a vampire mosquito
  2024 | D        | Noticed a wasp
  2025 | D        | Noticed a thorn hunter
  2028 | D        | Killed a five-headed hydra
  2029 | D        | Noticed a hornet
  2032 | D        | Killed a bog body
  2034 | D        | Killed a shadow
  2035 | D        | Killed an insubstantial wisp
  2035 | D        | Killed a wasp
  2035 | D        | Killed a hornet
  2039 | D        | Killed a shambling mangrove
  2046 | D        | Killed a thorn hunter
  2046 | D        | Reached skill level 12 in Dodging
  2658 | D        | Noticed a merfolk
  2658 | D        | Noticed a manticore
  2658 | D        | Noticed a merfolk avatar
  2658 | D        | Noticed a satyr
  2658 | D        | Noticed a griffon
  2658 | D        | Noticed a manticore
  2659 | D        | Noticed a snapping turtle
  2663 | D        | Killed a merfolk
  2664 | D        | Noticed a merfolk aquamancer
  2670 | D        | Killed a manticore
  2670 | D        | Reached skill level 1 in Shields
  2672 | D        | Killed a manticore
  2674 | D        | Killed a merfolk avatar
  2674 | D        | Reached skill level 2 in Shields
  2675 | D        | Killed a merfolk aquamancer
  2675 | D        | Reached skill level 18 in Fighting
  2675 | D        | Reached skill level 12 in Armour
  2676 | D        | Killed a satyr
  2676 | D        | Reached skill level 3 in Shields
  2676 | D        | Reached skill level 22 in Unarmed Combat
  2678 | D        | Killed a griffon
  2680 | D        | Killed a snapping turtle
  2716 | D        | Noticed a tarantella
  2716 | D        | Noticed a tarantella
  2716 | D        | Noticed a jumping spider
  2716 | D        | Noticed an emperor scorpion
  2716 | D        | Noticed a jumping spider
  2716 | D        | Noticed a jumping spider
  2717 | D        | Killed a tarantella
  2718 | D        | Noticed a demonic crawler
  2719 | D        | Noticed a hornet
  2719 | D        | Killed a tarantella
  2720 | D        | Killed a jumping spider
  2720 | D        | Killed a jumping spider
  2720 | D        | Killed a jumping spider
  2725 | D        | Noticed an emperor scorpion
  2729 | D        | Killed an emperor scorpion
  2729 | D        | Reached skill level 4 in Shields
  2730 | D        | Killed a demonic crawler
  2731 | D        | Killed a hornet
  2741 | D        | Killed an emperor scorpion
  2741 | D        | Reached skill level 13 in Dodging
  2741 | D        | Reached skill level 5 in Shields
  2741 | D        | Reached XP level 14. HP: 115/144 MP: 4/19
  2789 | D        | Noticed a naga warrior
  2789 | D        | Noticed a shock serpent
  2789 | D        | Noticed a naga warrior
  2789 | D        | Noticed a salamander mystic
  2789 | D        | Noticed a naga mage
  2789 | D        | Noticed a naga mage
  2790 | D        | Noticed a naga warrior
  2791 | D        | Noticed a naga warrior
  2796 | D        | Killed a shock serpent
  2797 | D        | Killed a naga warrior
  2800 | D        | Noticed a mana viper
  2805 | D        | Killed a naga warrior
  2809 | D        | Killed a salamander mystic
  2809 | D        | Reached skill level 13 in Armour
  2809 | D        | Reached skill level 6 in Shields
  2814 | D        | Killed a naga warrior
  2819 | D        | Killed a naga warrior
  2821 | D        | Killed a naga mage
  2824 | D        | Killed a naga mage
  2831 | D        | Killed a mana viper
  2974 | D        | Noticed Nergalle
  2979 | D        | Killed Nergalle
  2979 | D        | Reached skill level 19 in Fighting
  3046 | D        | Noticed a great orb of eyes
  3046 | D        | Noticed a stone giant
  3046 | D        | Noticed a necromancer
  3046 | D        | Noticed a wizard
  3046 | D        | Noticed a tengu warrior
  3046 | D        | Noticed a deep troll shaman
  3050 | D        | Killed a great orb of eyes
  3050 | D        | Reached skill level 7 in Shields
  3051 | D        | Noticed a yaktaur
  3054 | D        | Killed a stone giant
  3055 | D        | Noticed a great orb of eyes
  3057 | D        | Killed a necromancer
  3064 | D        | Noticed a cyan very ugly thing
  3065 | D        | Killed a wizard
  3069 | D        | Noticed a yaktaur
  3075 | D        | Killed a tengu warrior
  3081 | D        | Killed a cyan very ugly thing
  3081 | D        | Reached skill level 14 in Dodging
  3083 | D        | Killed a deep troll shaman
  3083 | D        | Reached skill level 8 in Shields
  3083 | D        | Reached skill level 23 in Unarmed Combat
  3084 | D        | Noticed a fire dragon
  3085 | D        | Noticed an entropy weaver
  3086 | D        | Killed a yaktaur
  3092 | D        | Killed a great orb of eyes
  3094 | D        | Killed a yaktaur
  3098 | D        | Noticed an ogre mage
  3099 | D        | Killed a fire dragon
  3103 | D        | Killed an entropy weaver
  3103 | D        | Reached skill level 14 in Armour
  3107 | D        | Killed an ogre mage
  3108 | D        | Noticed a fire dragon
  3109 | D        | Noticed an entropy weaver
  3110 | D        | Noticed an ice dragon
  3111 | D        | Noticed a lich
  3113 | D        | Noticed a tengu conjurer
  3117 | D        | Killed a fire dragon
  3121 | D        | Killed an entropy weaver
  3128 | D        | Killed a lich
  3128 | D        | Reached skill level 9 in Shields
  3130 | D        | Killed a tengu conjurer
  3137 | D        | Killed an ice dragon
  3137 | D        | Reached skill level 20 in Fighting
  3240 | D        | Noticed an unseen horror
  3240 | D        | Noticed a slime creature
  3240 | D        | Noticed a yaktaur captain
  3240 | D        | Noticed an ironheart preserver
  3240 | D        | Noticed a yaktaur
  3240 | D        | Noticed a wraith
  3242 | D        | Killed an unseen horror
  3243 | D        | Noticed a cyan ugly thing
  3247 | D        | Killed a slime creature
  3248 | D        | Noticed a vault sentinel
  3249 | D        | Noticed a vault sentinel
  3253 | D        | Killed a yaktaur captain
  3260 | D        | Killed an ironheart preserver
  3261 | D        | Noticed a green ugly thing
  3262 | D        | Noticed a centaur warrior
  3262 | D        | Killed a yaktaur
  3263 | D        | Noticed an ironbrand convoker
  3268 | D        | Killed a cyan ugly thing
  3268 | D        | Reached skill level 15 in Dodging
  3269 | D        | Noticed an ettin
  3274 | D        | Killed a wraith
  3274 | D        | Reached skill level 10 in Shields
  3275 | D        | Noticed an ironbrand convoker
  3279 | D        | Killed a vault sentinel
  3280 | D        | Noticed a redback
  3284 | D        | Killed a vault sentinel
  3284 | D        | Reached XP level 15. HP: 106/155 MP: 20/20
  3288 | D        | Killed a green ugly thing
  3289 | D        | Noticed a wolf spider
  3290 | D        | Noticed an ironheart preserver
  3292 | D        | Killed a centaur warrior
  3296 | D        | Killed an ironbrand convoker
  3297 | D        | Noticed a vault sentinel
  3298 | D        | Noticed a vault warden
  3302 | D        | Killed a redback
  3303 | D        | Killed an ettin
  3303 | D        | Reached skill level 15 in Armour
  3304 | D        | Noticed a stone giant
  3304 | D        | Killed a wolf spider
  3305 | D        | Killed an ironbrand convoker
  3307 | D        | Noticed a yaktaur
  3312 | D        | Killed a vault warden
  3320 | D        | Killed an ironheart preserver
  3324 | D        | Killed a stone giant
  3324 | D        | Reached skill level 24 in Unarmed Combat
  3327 | D        | Killed a vault sentinel
  3329 | D        | Killed a yaktaur
  3329 | D        | Reached skill level 11 in Shields
  3435 | D        | Noticed Louise
  3438 | D        | Noticed Frederick
  3439 | D        | Noticed Xtahua
  3443 | D        | Killed Louise
  3456 | D        | Killed Frederick
  3456 | D        | Reached skill level 21 in Fighting
  3461 | D        | Killed Xtahua
  3461 | D        | Reached skill level 16 in Dodging
  3615 | D        | Got the +1 demon trident "Zapae" {venom, rElec Int+2 SInv}
  3733 | D        | Noticed Jory
  3743 | D        | Killed Jory
  3743 | D        | Reached skill level 16 in Armour
  3743 | D        | Reached skill level 12 in Shields
  3759 | D        | Noticed Mara
  3766 | D        | Killed Mara
  3780 | D        | Noticed an emperor scorpion
  3780 | D        | Noticed a jumping spider
  3780 | D        | Noticed a ghost moth
  3780 | D        | Noticed a jumping spider
  3780 | D        | Noticed a jumping spider
  3780 | D        | Noticed a moth of wrath
  3781 | D        | Noticed a ghost moth
  3791 | D        | Killed an emperor scorpion
  3792 | D        | Noticed an emperor scorpion
  3795 | D        | Killed a ghost moth
  3796 | D        | Noticed an emperor scorpion
  3798 | D        | Killed a moth of wrath
  3799 | D        | Noticed a demonic crawler
  3802 | D        | Noticed a jumping spider
  3804 | D        | Killed a ghost moth
  3804 | D        | Reached skill level 25 in Unarmed Combat
  3805 | D        | Noticed an emperor scorpion
  3807 | D        | Noticed a redback
  3810 | D        | Killed an emperor scorpion
  3810 | D        | Reached skill level 22 in Fighting
  3810 | D        | Reached skill level 13 in Shields
  3812 | D        | Killed a jumping spider
  3822 | D        | Killed an emperor scorpion
  3822 | D        | Reached skill level 17 in Dodging
  3824 | D        | Killed a demonic crawler
  3826 | D        | Killed a jumping spider
  3835 | D        | Killed an emperor scorpion
  3835 | D        | Reached XP level 16. HP: 126/169 MP: 4/21
  3840 | D        | Killed a redback
  3847 | D        | Got a gossamer rune of Zot
  3852 | D        | Killed a jumping spider
  3927 | D        | Noticed a swamp dragon
  3927 | D        | Noticed a five-headed hydra
  3927 | D        | Noticed a swamp dragon
  3927 | D        | Noticed a five-headed hydra
  3927 | D        | Noticed a swamp dragon
  3927 | D        | Noticed a wasp
  3928 | D        | Noticed a six-headed hydra
  3932 | D        | Noticed a seven-headed hydra
  3932 | D        | Killed a swamp dragon
  3932 | D        | Reached skill level 17 in Armour
  3937 | D        | Killed a five-headed hydra
  3940 | D        | Killed a swamp dragon
  3943 | D        | Noticed an eight-headed hydra
  3943 | D        | Killed a five-headed hydra
  3950 | D        | Killed a swamp dragon
  3952 | D        | Killed a six-headed hydra
  3953 | D        | Noticed a swamp dragon
  3956 | D        | Killed a seven-headed hydra
  3957 | D        | Noticed a swamp dragon
  3958 | D        | Noticed a swamp dragon
  3959 | D        | Killed an eight-headed hydra
  3960 | D        | Killed a wasp
  3961 | D        | Noticed a swamp dragon
  3966 | D        | Killed a swamp dragon
  3974 | D        | Killed a swamp dragon
  3982 | D        | Killed a swamp dragon
  3986 | D        | Killed a swamp dragon
  3989 | D        | Got a decaying rune of Zot
  4008 | D        | Noticed a merfolk aquamancer
  4008 | D        | Noticed a merfolk impaler
  4008 | D        | Noticed a merfolk javelineer
  4008 | D        | Noticed a merfolk impaler
  4008 | D        | Noticed a merfolk
  4008 | D        | Noticed a merfolk avatar
  4009 | D        | Noticed Ilsuiw
  4012 | D        | Killed a merfolk aquamancer
  4012 | D        | Reached skill level 14 in Shields
  4013 | D        | Noticed a merfolk impaler
  4013 | D        | Noticed a merfolk javelineer
  4019 | D        | Killed a merfolk javelineer
  4020 | D        | Noticed a merfolk javelineer
  4028 | D        | Killed Ilsuiw
  4029 | D        | Noticed a merfolk javelineer
  4033 | D        | Killed a merfolk impaler
  4034 | D        | Noticed a merfolk avatar
  4039 | D        | Killed a merfolk impaler
  4040 | D        | Noticed a merfolk impaler
  4044 | D        | Killed a merfolk avatar
  4051 | D        | Killed a merfolk javelineer
  4059 | D        | Killed a merfolk javelineer
  4060 | D        | Killed a merfolk javelineer
  4060 | D        | Reached skill level 18 in Dodging
  4064 | D        | Killed a merfolk avatar
  4071 | D        | Killed a merfolk impaler
  4071 | D        | Reached skill level 23 in Fighting
  4084 | D        | Killed a merfolk impaler
  4086 | D        | Killed a merfolk
  4096 | D        | Got a barnacled rune of Zot
  4227 | D        | Noticed a greater naga
  4227 | D        | Noticed a greater naga
  4227 | D        | Noticed a naga mage
  4227 | D        | Noticed a guardian serpent
  4227 | D        | Noticed a greater naga
  4227 | D        | Noticed a naga
  4228 | D        | Noticed a greater naga
  4235 | D        | Killed a greater naga
  4235 | D        | Reached skill level 18 in Armour
  4235 | D        | Reached skill level 26 in Unarmed Combat
  4236 | D        | Noticed a greater naga
  4240 | D        | Killed a greater naga
  4241 | D        | Noticed a naga warrior
  4251 | D        | Noticed a naga warrior
  4251 | D        | Killed a guardian serpent
  4252 | D        | Killed a greater naga
  4252 | D        | Reached skill level 15 in Shields
  4252 | D        | Killed a naga mage
  4253 | D        | Killed a naga
  4253 | D        | Killed a greater naga
  4254 | D        | Noticed a greater naga
  4254 | D        | Killed a greater naga
  4258 | D        | Noticed a naga warrior
  4263 | D        | Killed a naga warrior
  4264 | D        | Noticed a naga
  4268 | D        | Killed a greater naga
  4272 | D        | Killed a naga warrior
  4277 | D        | Killed a naga warrior
  4280 | D        | Killed a naga
  4285 | D        | Got a serpentine rune of Zot
  4584 | D        | Noticed Boris
  4591 | D        | Killed Boris
  4677 | D        | Noticed a vault guard
  4677 | D        | Noticed a vault guard
  4677 | D        | Noticed a vault guard
  4677 | D        | Noticed a vault guard
  4677 | D        | Noticed a vault guard
  4677 | D        | Noticed a vault guard
  4679 | D        | Killed a vault guard
  4679 | D        | Reached skill level 19 in Dodging
  4680 | D        | Noticed a vault guard
  4683 | D        | Killed a vault guard
  4684 | D        | Noticed a vault guard
  4688 | D        | Noticed a vault guard
  4692 | D        | Killed a vault guard
  4692 | D        | Reached skill level 16 in Shields
  4693 | D        | Noticed a vault guard
  4700 | D        | Killed a vault guard
  4700 | D        | Reached skill level 24 in Fighting
  4702 | D        | Killed a vault guard
  4702 | D        | Reached skill level 19 in Armour
  4702 | D        | Reached XP level 17. HP: 159/180 MP: 22/22
  4703 | D        | Noticed a vault guard
  4706 | D        | Noticed a vault guard
  4712 | D        | Killed a vault guard
  4713 | D        | Noticed a vault guard
  4720 | D        | Killed a vault guard
  4721 | D        | Noticed a vault guard
  4726 | D        | Killed a vault guard
  4728 | D        | Noticed a vault guard
  4730 | D        | Killed a vault guard
  4731 | D        | Killed a vault guard
  4732 | D        | Noticed a vault guard
  4737 | D        | Killed a vault guard
  4738 | D        | Noticed a vault guard
  4743 | D        | Killed a vault guard
  4745 | D        | Noticed a vault guard
  4748 | D        | Killed a vault guard
  4748 | D        | Reached skill level 27 in Unarmed Combat
  4755 | D        | Killed a vault guard
  4762 | D        | Killed a vault guard
  4765 | D        | Killed a vault guard
  4771 | D        | Killed a vault guard
  4773 | D        | Killed a vault guard
  4775 | D        | Noticed a vault guard
  4787 | D        | Noticed a vault guard
  4788 | D        | Noticed a vault guard
  4789 | D        | Noticed a vault guard
  4789 | D        | Noticed a vault guard
  4792 | D        | Killed a vault guard
  4794 | D        | Noticed a vault guard
  4796 | D        | Killed a vault guard
  4800 | D        | Noticed a vault guard
  4806 | D        | Killed a vault guard
  4811 | D        | Killed a vault guard
  4811 | D        | Reached skill level 17 in Shields
  4815 | D        | Killed a vault guard
  4817 | D        | Killed a vault guard
  4822 | D        | Killed a vault guard
  4822 | D        | Reached skill level 20 in Dodging
  4849 | D        | Noticed an ironheart preserver
  4849 | D        | Noticed a vault warden
  4849 | D        | Noticed a vault sentinel
  4849 | D        | Noticed a yaktaur
  4849 | D        | Noticed an ironheart preserver
  4849 | D        | Noticed an ancient lich
  4850 | D        | Noticed a vault warden
  4860 | D        | Killed an ironheart preserver
  4860 | D        | Killed an ironheart preserver
  4860 | D        | Reached skill level 25 in Fighting
  4861 | D        | Noticed a vault warden
  4863 | D        | Killed an ancient lich
  4863 | D        | Reached skill level 20 in Armour
  4864 | D        | Noticed a stone giant
  4865 | D        | Noticed a shadow dragon
  4868 | D        | Killed a vault warden
  4871 | D        | Killed a vault warden
  4871 | D        | Reached skill level 18 in Shields
  4872 | D        | Noticed an ironbrand convoker
  4873 | D        | Noticed a shadow dragon
  4874 | D        | Killed a vault sentinel
  4874 | D        | Killed a yaktaur
  4875 | D        | Killed a vault warden
  4877 | D        | Killed a stone giant
  4878 | D        | Noticed a deep elf priest
  4882 | D        | Killed a shadow dragon
  4883 | D        | Noticed a boulder beetle
  4884 | D        | Noticed a yaktaur captain
  4887 | D        | Killed a deep elf priest
  4888 | D        | Killed a shadow dragon
  4894 | D        | Noticed a deep troll
  4895 | D        | Killed an ironbrand convoker
  4898 | D        | Killed a boulder beetle
  4898 | D        | Reached skill level 21 in Dodging
  4906 | D        | Killed a yaktaur captain
  4910 | D        | Killed a deep troll
  4910 | D        | Reached skill level 9 in Invocations
  4965 | D        | Noticed a phantasmal warrior
  4965 | D        | Noticed a shadow dragon
  4965 | D        | Noticed a tentacled monstrosity
  4965 | D        | Noticed a golden dragon
  4965 | D        | Noticed a quicksilver dragon
  4965 | D        | Noticed a shadow dragon
  4967 | D        | Noticed a golden dragon
  4971 | D        | Killed a phantasmal warrior
  4980 | D        | Killed a tentacled monstrosity
  4980 | D        | Reached skill level 26 in Fighting
  4980 | D        | Reached skill level 21 in Armour
  4985 | D        | Noticed a shadow dragon
  4985 | D        | Killed a golden dragon
  4985 | D        | Reached skill level 10 in Invocations
  4986 | D        | Noticed a yaktaur
  4995 | D        | Killed a golden dragon
  4995 | D        | Reached skill level 19 in Shields
  5001 | D        | Killed a shadow dragon
  5001 | D        | Reached XP level 18. HP: 158/196 MP: 20/25
  5012 | D        | Killed a shadow dragon
  5012 | D        | Reached skill level 11 in Invocations
  5019 | D        | Killed a shadow dragon
  5024 | D        | Killed a quicksilver dragon
  5026 | D        | Killed a yaktaur
  5032 | D        | Got a bound ivory amulet
  5033 | D        | Identified the amulet "Muiritom" {rMut Str+7 Dex+4} (You found it in the Dungeon)
  5074 | D        | Got a silver rune of Zot
  5133 | D        | Noticed Norris
  5134 | D        | Noticed a hell knight
  5135 | D        | Noticed a necromancer
  5136 | D        | Noticed Margery
  5137 | D        | Noticed a hell knight
  5146 | D        | Noticed a necromancer
  5148 | D        | Killed Norris
  5148 | D        | Reached skill level 12 in Invocations
  5149 | D        | Noticed a hell knight
  5150 | D        | Noticed a hell knight
  5156 | D        | Killed Margery
  5156 | D        | Reached skill level 22 in Dodging
  5160 | D        | Killed a hell knight
  5162 | D        | Killed a necromancer
  5164 | D        | Killed a necromancer
  5166 | D        | Killed a hell knight
  5169 | D        | Killed a hell knight
  5169 | D        | Reached skill level 13 in Invocations
  5172 | D        | Killed a hell knight
  5199 | D        | Got the ring "Ropta" {-Tele rPois Int+3 Dex+2 SInv}
  5202 | D        | Got the ring of Baf Ruhux {Ice +Inv rPois MR- Dex+8}
  5205 | D        | Got the amulet of Eklaureak {Stasis rPois rC- MR- Str+2}
  5208 | D        | Got the ring of Oshreph {rC+ MP+9 Str+3 Int+2}
  5211 | D        | Got the amulet "Nyblu" {+Rage rPois Int-5 Slay+3}
  5218 | D        | Got the +11 scythe "Pink" {speed, +Rage rF+ Dex+3}
  5221 | D        | Got the +11 scythe of Tender Mercy {slice, MR+}
  5224 | D        | Got the +5 triple sword of a bailey {pain, rPois rF+ Str+4}
  5230 | D        | Got the +5 glaive of the Dove {venom, *Contam rPois MP+9}
  5343 | D        | Noticed Nikola
  5344 | D        | Noticed Mennas
  5369 | D        | Killed Mennas
  5369 | D        | Reached skill level 27 in Fighting
  5369 | D        | Reached skill level 22 in Armour
  5369 | D        | Reached skill level 20 in Shields
  5378 | D        | Killed Nikola
  5378 | D        | Reached skill level 14 in Invocations
  5526 | D        | Noticed a vampire mosquito
  5526 | D        | Noticed a hill giant
  5526 | D        | Noticed a gargoyle
  5526 | D        | Noticed a shadow
  5527 | D        | Killed a vampire mosquito
  5539 | D        | Killed a hill giant
  5542 | D        | Noticed a hungry ghost
  5545 | D        | Killed a gargoyle
  5546 | D        | Noticed a hungry ghost
  5547 | D        | Killed a shadow
  5550 | D        | Killed a hungry ghost
  5551 | D        | Noticed an eye of draining
  5554 | D        | Killed a hungry ghost
  5559 | D        | Killed an eye of draining
  5612 | D        | Noticed a golden dragon
  5612 | D        | Noticed an ice dragon
  5612 | D        | Noticed a mottled dragon
  5612 | D        | Noticed a golden dragon
  5612 | D        | Noticed a mottled dragon
  5612 | D        | Noticed a yellow draconian
  5614 | D        | Killed a golden dragon
  5615 | D        | Noticed a red draconian
  5615 | D        | Noticed a white draconian
  5623 | D        | Killed an ice dragon
  5627 | D        | Killed a golden dragon
  5627 | D        | Reached skill level 15 in Invocations
  5628 | D        | Noticed a black draconian
  5630 | D        | Noticed an ice dragon
  5632 | D        | Killed a yellow draconian
  5633 | D        | Noticed a green draconian
  5637 | D        | Killed a red draconian
  5641 | D        | Killed a white draconian
  5646 | D        | Noticed a white draconian
  5647 | D        | Killed a black draconian
  5647 | D        | Reached skill level 23 in Dodging
  5649 | D        | Killed an ice dragon
  5651 | D        | Killed a mottled dragon
  5660 | D        | Killed a green draconian
  5663 | D        | Killed a white draconian
  5663 | D        | Reached skill level 21 in Shields
  5666 | D        | Killed a mottled dragon
  5666 | D        | Reached skill level 23 in Armour
  5731 | D        | Noticed a green draconian
  5731 | D        | Noticed a purple draconian
  5731 | D        | Noticed a moth of wrath
  5731 | D        | Noticed a tentacled monstrosity
  5731 | D        | Noticed a black draconian shifter
  5731 | D        | Noticed a red draconian
  5732 | D        | Noticed a yellow draconian caller
  5733 | D        | Killed a green draconian
  5733 | D        | Reached skill level 16 in Invocations
  5740 | D        | Killed a tentacled monstrosity
  5762 | D        | Killed a yellow draconian caller
  5768 | D        | Killed a purple draconian
  5770 | D        | Killed a moth of wrath
  5773 | D        | Killed a black draconian shifter
  5776 | D        | Killed a red draconian
  5791 | D        | Noticed a moth of wrath
  5791 | D        | Noticed a green draconian shifter
  5791 | D        | Noticed a red draconian
  5791 | D        | Noticed a red draconian
  5791 | D        | Noticed a white draconian
  5791 | D        | Noticed a moth of wrath
  5792 | D        | Noticed a red draconian annihilator
  5793 | D        | Killed a moth of wrath
  5805 | D        | Killed a red draconian
  5812 | D        | Noticed a ghost moth
  5815 | D        | Killed a white draconian
  5821 | D        | Killed a red draconian
  5821 | D        | Reached skill level 17 in Invocations
  5823 | D        | Killed a moth of wrath
  5826 | D        | Killed a green draconian shifter
  5828 | D        | Killed a ghost moth
  5833 | D        | Killed a red draconian annihilator
  5942 | D        | Noticed a ghost moth
  5942 | D        | Noticed a purple draconian
  5942 | D        | Noticed a purple draconian shifter
  5942 | D        | Noticed a death cob
  5942 | D        | Noticed a fire dragon
  5942 | D        | Noticed a green draconian
  5943 | D        | Noticed a yellow draconian
  5949 | D        | Killed a ghost moth
  5949 | D        | Reached XP level 19. HP: 207/207 MP: 27/30
  5950 | D        | Noticed an ice dragon
  5961 | D        | Noticed a black draconian
  5961 | D        | Killed a purple draconian shifter
  5967 | D        | Killed a purple draconian
  5970 | D        | Killed a death cob
  5972 | D        | Killed a fire dragon
  5975 | D        | Killed a green draconian
  5975 | D        | Reached skill level 24 in Dodging
  5975 | D        | Reached skill level 22 in Shields
  5975 | D        | Reached skill level 18 in Invocations
  5980 | D        | Killed a yellow draconian
  5988 | D        | Killed an ice dragon
  5994 | D        | Killed a black draconian
  5994 | D        | Reached skill level 24 in Armour
  6026 | D        | Noticed a fire dragon
  6026 | D        | Noticed a storm dragon
  6026 | D        | Noticed a storm dragon
  6026 | D        | Noticed a red draconian
  6026 | D        | Noticed a mottled draconian
  6026 | D        | Noticed a golden dragon
  6027 | D        | Noticed a purple draconian
  6031 | D        | Killed a storm dragon
  6039 | D        | Killed a storm dragon
  6039 | D        | Reached skill level 1 in Evocations
  6040 | D        | Noticed a yellow draconian
  6041 | D        | Noticed a white draconian
  6044 | D        | Killed a fire dragon
  6044 | D        | Reached skill level 2 in Evocations
  6046 | D        | Killed a red draconian
  6053 | D        | Killed a mottled draconian
  6053 | D        | Reached skill level 3 in Evocations
  6057 | D        | Killed a golden dragon
  6057 | D        | Reached skill level 4 in Evocations
  6065 | D        | Killed a purple draconian
  6065 | D        | Reached skill level 19 in Invocations
  6071 | D        | Killed a yellow draconian
  6075 | D        | Killed a white draconian
  6075 | D        | Reached skill level 5 in Evocations
  6160 | D        | Noticed an Orb Guardian
  6160 | D        | Noticed an Orb Guardian
  6160 | D        | Noticed an Orb Guardian
  6160 | D        | Noticed an Orb Guardian
  6160 | D        | Noticed an Orb Guardian
  6160 | D        | Noticed an Orb Guardian
  6161 | D        | Noticed an Orb Guardian
  6171 | D        | Killed an Orb Guardian
  6171 | D        | Reached skill level 7 in Evocations
  6176 | D        | Noticed an Orb Guardian
  6179 | D        | Killed an Orb Guardian
  6179 | D        | Reached skill level 9 in Evocations
  6181 | D        | Killed an Orb Guardian
  6181 | D        | Reached skill level 10 in Evocations
  6184 | D        | Killed an Orb Guardian
  6184 | D        | Reached skill level 11 in Evocations
  6188 | D        | Killed an Orb Guardian
  6188 | D        | Reached skill level 12 in Evocations
  6191 | D        | Killed an Orb Guardian
  6191 | D        | Reached skill level 13 in Evocations
  6203 | D        | Killed an Orb Guardian
  6203 | D        | Reached skill level 14 in Evocations
  6205 | D        | Noticed an Orb Guardian
  6205 | D        | Killed an Orb Guardian
  6205 | D        | Reached skill level 15 in Evocations
  6207 | D        | Noticed an Orb Guardian
  6212 | D        | Killed an Orb Guardian
  6216 | D        | Killed an Orb Guardian
  6216 | D        | Reached skill level 16 in Evocations
  6223 | D        | Noticed a death cob
  6223 | D        | Noticed a storm dragon
  6223 | D        | Noticed an Orb Guardian
  6223 | D        | Noticed an Orb Guardian
  6223 | D        | Noticed a fire dragon
  6223 | D        | Noticed a golden dragon
  6229 | D        | Noticed an Orb Guardian
  6230 | D        | Killed a death cob
  6232 | D        | Noticed an Orb Guardian
  6234 | D        | Killed a storm dragon
  6234 | D        | Reached skill level 17 in Evocations
  6242 | D        | Killed an Orb Guardian
  6248 | D        | Killed an Orb Guardian
  6248 | D        | Reached skill level 18 in Evocations
  6255 | D        | Killed a golden dragon
  6255 | D        | Reached skill level 19 in Evocations
  6260 | D        | Killed a fire dragon
  6264 | D        | Killed an Orb Guardian
  6269 | D        | Killed an Orb Guardian
  6269 | D        | Reached skill level 20 in Evocations
  6279 | D        | Noticed an ancient lich
  6285 | D        | Killed an ancient lich
  6285 | D        | Reached skill level 21 in Evocations
  6285 | D        | Reached XP level 20. HP: 146/215 MP: 33/33
  6435 | D        | Noticed an orb of fire
  6437 | D        | Killed an orb of fire
  6437 | D        | Reached skill level 22 in Evocations
  6439 | D        | Noticed an electric golem
  6441 | D        | Killed an electric golem
  6441 | D        | Reached skill level 23 in Evocations
  6443 | D        | Noticed an orb of fire
  6443 | D        | Noticed an ancient lich
  6443 | D        | Noticed an electric golem
  6443 | D        | Noticed a storm dragon
  6443 | D        | Noticed an orb of fire
  6443 | D        | Noticed an electric golem
  6453 | D        | Noticed an electric golem
  6453 | D        | Killed an orb of fire
  6453 | D        | Reached skill level 12 in Stealth
  6467 | D        | Killed an ancient lich
  6467 | D        | Reached skill level 16 in Stealth
  6475 | D        | Noticed an orb of fire
  6477 | D        | Killed an orb of fire
  6477 | D        | Reached skill level 19 in Stealth
  6479 | D        | Killed a storm dragon
  6479 | D        | Killed an electric golem
  6479 | D        | Reached skill level 20 in Stealth
  6479 | D        | Killed an electric golem
  6479 | D        | Reached skill level 21 in Stealth
  6479 | D        | Killed an electric golem
  6479 | D        | Reached skill level 22 in Stealth
  6483 | D        | Noticed an electric golem
  6492 | D        | Killed an orb of fire
  6492 | D        | Reached skill level 24 in Stealth
  6499 | D        | Noticed an Orb Guardian
  6501 | D        | Noticed an orb of fire
  6507 | D        | Killed an electric golem
  6521 | D        | Killed an orb of fire
  6521 | D        | Reached skill level 26 in Stealth
  6524 | D        | Killed an Orb Guardian
  6526 | D        | Noticed an electric golem
  6527 | D        | Noticed an orb of fire
  6528 | D        | Noticed an Orb Guardian
  6533 | D        | Killed an electric golem
  6533 | D        | Reached skill level 27 in Stealth
  6543 | D        | Killed an orb of fire
  6547 | D        | Killed an Orb Guardian
  6547 | D        | Reached skill level 23 in Shields
  6547 | D        | Reached skill level 20 in Invocations
  6801 | D        | Noticed an Orb Guardian
  6801 | D        | Noticed an Orb Guardian
  6801 | D        | Noticed an Orb Guardian
  6801 | D        | Noticed an Orb Guardian
  6801 | D        | Noticed an Orb Guardian
  6801 | D        | Noticed an Orb Guardian
  6802 | D        | Noticed a moth of wrath
  6803 | D        | Killed an Orb Guardian
  6803 | D        | Reached skill level 25 in Dodging
  6804 | D        | Noticed an Orb Guardian
  6805 | D        | Killed an Orb Guardian
  6805 | D        | Reached XP level 21. HP: 215/222 MP: 35/35
  6806 | D        | Noticed an Orb Guardian
  6807 | D        | Killed an Orb Guardian
  6807 | D        | Reached skill level 25 in Armour
  6811 | D        | Killed an Orb Guardian
  6815 | D        | Killed an Orb Guardian
  6816 | D        | Noticed an Orb Guardian
  6821 | D        | Killed an Orb Guardian
  6826 | D        | Noticed an Orb Guardian
  6826 | D        | Killed an Orb Guardian
  6826 | D        | Reached skill level 21 in Invocations
  6836 | D        | Killed an Orb Guardian
  6842 | D        | Killed an Orb Guardian
  6847 | D        | Killed an Orb Guardian
  6852 | D        | Killed a moth of wrath
  6854 | D        | Noticed an Orb Guardian
  6855 | D        | Noticed a moth of wrath
  6856 | D        | Noticed an Orb Guardian
  6861 | D        | Killed an Orb Guardian
  6861 | D        | Reached skill level 24 in Shields
  6864 | D        | Killed a moth of wrath
  6869 | D        | Killed an Orb Guardian
  7173 | D        | Noticed an ancient lich
  7173 | D        | Noticed an ancient lich
  7173 | D        | Noticed a vampire knight
  7173 | D        | Noticed an ancient lich
  7173 | D        | Noticed an ancient lich
  7173 | D        | Noticed a lich
  7182 | D        | Noticed an ancient lich
  7184 | D        | Killed an ancient lich
  7184 | D        | Reached skill level 26 in Armour
  7184 | D        | Reached skill level 26 in Dodging
  7184 | D        | Reached skill level 22 in Invocations
  7185 | D        | Killed an ancient lich
  7189 | D        | Killed a vampire knight
  7189 | D        | Killed a lich
  7189 | D        | Reached skill level 23 in Invocations
  7190 | D        | Noticed a vampire knight
  7192 | D        | Noticed a vampire knight
  7192 | D        | Killed an ancient lich
  7192 | D        | Reached skill level 25 in Shields
  7196 | D        | Killed an ancient lich
  7202 | D        | Noticed a vampire knight
  7206 | D        | Killed an ancient lich
  7206 | D        | Reached skill level 27 in Armour
  7206 | D        | Reached skill level 27 in Dodging
  7206 | D        | Reached skill level 24 in Invocations
  7207 | D        | Noticed a vampire knight
  7211 | D        | Killed a vampire knight
  7218 | D        | Killed a vampire knight
  7218 | D        | Reached skill level 26 in Shields
  7223 | D        | Killed a vampire knight
  7226 | D        | Killed a vampire knight
  7226 | D        | Reached skill level 25 in Invocations
  7239 | D        | Noticed a spriggan baker
  7239 | D        | Noticed a spriggan baker
  7239 | D        | Noticed a spriggan baker
  7239 | D        | Noticed a spriggan baker
  7239 | D        | Noticed a spriggan baker
  7239 | D        | Noticed a spriggan baker
  7240 | D        | Noticed a spriggan baker
  7241 | D        | Killed a spriggan baker
  7244 | D        | Noticed a spriggan baker
  7244 | D        | Killed a spriggan baker
  7249 | D        | Killed a spriggan baker
  7250 | D        | Killed a spriggan baker
  7253 | D        | Noticed a spriggan baker
  7253 | D        | Killed a spriggan baker
  7254 | D        | Noticed a spriggan baker
  7254 | D        | Killed a spriggan baker
  7255 | D        | Killed a spriggan baker
  7255 | D        | Killed a spriggan baker
  7255 | D        | Killed a spriggan baker
  7255 | D        | Killed a spriggan baker
  7257 | D        | Noticed a spriggan baker
  7260 | D        | Killed a spriggan baker
  7312 | D        | Noticed a deep elf master archer
  7312 | D        | Noticed a deep elf blademaster
  7312 | D        | Noticed a deep elf annihilator
  7312 | D        | Noticed a deep elf death mage
  7312 | D        | Noticed a deep elf blademaster
  7312 | D        | Noticed a deep elf sorcerer
  7313 | D        | Noticed a deep elf blademaster
  7317 | D        | Noticed a deep elf death mage
  7319 | D        | Killed a deep elf blademaster
  7329 | D        | Killed a deep elf blademaster
  7330 | D        | Noticed a deep elf sorcerer
  7331 | D        | Noticed a deep elf blademaster
  7333 | D        | Killed a deep elf blademaster
  7335 | D        | Noticed a deep elf sorcerer
  7335 | D        | Killed a deep elf annihilator
  7336 | D        | Killed a deep elf master archer
  7336 | D        | Reached skill level 26 in Invocations
  7338 | D        | Noticed a deep elf death mage
  7340 | D        | Killed a deep elf blademaster
  7343 | D        | Killed a deep elf sorcerer
  7343 | D        | Reached skill level 27 in Shields
  7343 | D        | Reached XP level 22. HP: 190/233 MP: 30/38
  7346 | D        | Killed a deep elf death mage
  7347 | D        | Noticed a deep elf demonologist
  7351 | D        | Killed a deep elf death mage
  7355 | D        | Noticed a deep elf demonologist
  7357 | D        | Killed a deep elf death mage
  7359 | D        | Killed a deep elf sorcerer
  7359 | D        | Reached skill level 27 in Invocations
  7361 | D        | Killed a deep elf sorcerer
  7364 | D        | Killed a deep elf demonologist
  7376 | D        | Killed a deep elf demonologist
  7385 | D        | Got an elven rune of Zot
  7393 | D        | Noticed an acid blob
  7393 | D        | Noticed a death ooze
  7393 | D        | Noticed an azure jelly
  7393 | D        | Noticed an acid blob
  7393 | D        | Noticed an acid blob
  7393 | D        | Noticed an acid blob
  7394 | D        | Noticed a death ooze
  7395 | D        | Killed an acid blob
  7395 | D        | Reached skill level 24 in Evocations
  7396 | D        | Noticed an acid blob
  7397 | D        | Killed a death ooze
  7398 | D        | Noticed an acid blob
  7408 | D        | Killed an acid blob
  7409 | D        | Noticed the royal jelly
  7411 | D        | Killed an azure jelly
  7411 | D        | Killed a death ooze
  7411 | D        | Reached skill level 25 in Evocations
  7413 | D        | Killed an acid blob
  7413 | D        | Killed an acid blob
  7413 | D        | Killed an acid blob
  7413 | D        | Killed an acid blob
  7413 | D        | Reached skill level 26 in Evocations
  7416 | D        | Killed the royal jelly
  7416 | D        | Reached skill level 27 in Evocations
  7416 | D        | Reached skill level 6 in Spellcasting
  7417 | D        | Noticed an azure jelly
  7419 | D        | Noticed an acid blob
  7422 | D        | Noticed an acid blob
  7432 | D        | Killed an acid blob
  7432 | D        | Reached skill level 8 in Spellcasting
  7433 | D        | Killed an azure jelly
  7433 | D        | Reached skill level 9 in Spellcasting
  7434 | D        | Noticed a golden eye
  7435 | D        | Noticed an eye of draining
  7440 | D        | Killed an acid blob
  7440 | D        | Reached skill level 10 in Spellcasting
  7441 | D        | Killed a golden eye
  7444 | D        | Noticed a death ooze
  7445 | D        | Noticed a golden eye
  7446 | D        | Noticed an azure jelly
  7447 | D        | Noticed an acid blob
  7713 | D        | Got a slimy rune of Zot
  7718 | D        | Killed an eye of draining
  7722 | D        | Killed a death ooze
  7723 | D        | Killed a golden eye
  7727 | D        | Killed an acid blob
  7727 | D        | Reached skill level 11 in Spellcasting
  7732 | D        | Killed an azure jelly
  7732 | D        | Reached skill level 12 in Spellcasting
  7815 | D        | Noticed a sphinx
  7815 | D        | Noticed a sphinx
  7815 | D        | Noticed a sphinx
  7815 | D        | Noticed a sphinx
  7815 | D        | Noticed a sphinx
  7815 | D        | Noticed a sphinx
  7816 | D        | Noticed a sphinx
  7817 | D        | Killed a sphinx
  7818 | D        | Noticed a sphinx
  7820 | D        | Killed a sphinx
  7820 | D        | Reached skill level 13 in Spellcasting
  7821 | D        | Noticed a sphinx
  7822 | D        | Killed a sphinx
  7822 | D        | Reached skill level 14 in Spellcasting
  7823 | D        | Noticed a sphinx
  7827 | D        | Killed a sphinx
  7828 | D        | Noticed a sphinx
  7830 | D        | Paralysed by a sphinx for 7 turns
  7839 | D        | Killed a sphinx
  7839 | D        | Reached skill level 15 in Spellcasting
  7841 | D        | Killed a sphinx
  7842 | D        | Noticed a sphinx
  7843 | D        | Killed a sphinx
  7846 | D        | Killed a sphinx
  7846 | D        | Reached skill level 16 in Spellcasting
  7849 | D        | Killed a sphinx
  7851 | D        | Killed a sphinx
  7851 | D        | Reached skill level 17 in Spellcasting
  7854 | D        | Killed a sphinx
  7861 | D        | Killed a sphinx
  7949 | D        | Learned a level 4 spell: Condensation Shield
  7954 | D        | Learned a level 4 spell: Alistair's Intoxication
  7958 | D        | Learned a level 3 spell: Ignite Poison
  7967 | D        | Noticed a guardian mummy
  7967 | D        | Noticed a guardian mummy
  7967 | D        | Noticed a guardian mummy
  7967 | D        | Noticed a guardian mummy
  7967 | D        | Noticed a guardian mummy
  7967 | D        | Noticed a guardian mummy
  7969 | D        | Killed a guardian mummy
  7970 | D        | Noticed a guardian mummy
  7973 | D        | Killed a guardian mummy
  7973 | D        | Reached skill level 1 in Transmutations
  7973 | D        | Reached skill level 1 in Fire Magic
  7973 | D        | Reached skill level 1 in Poison Magic
  7974 | D        | Noticed a guardian mummy
  7978 | D        | Killed a guardian mummy
  7979 | D        | Noticed a guardian mummy
  7981 | D        | Killed a guardian mummy
  7981 | D        | Reached skill level 2 in Poison Magic
  7983 | D        | Killed a guardian mummy
  7983 | D        | Reached skill level 2 in Transmutations
  7985 | D        | Killed a guardian mummy
  7985 | D        | Reached skill level 2 in Fire Magic
  7986 | D        | Noticed a guardian mummy
  7988 | D        | Killed a guardian mummy
  7989 | D        | Killed a guardian mummy
  7989 | D        | Reached skill level 3 in Poison Magic
  7992 | D        | Killed a guardian mummy
  7995 | D        | Killed a guardian mummy
  7995 | D        | Reached skill level 3 in Transmutations
  8107 | D        | Noticed a guardian mummy
  8107 | D        | Noticed a guardian mummy
  8107 | D        | Noticed a guardian mummy
  8107 | D        | Noticed a guardian mummy
  8107 | D        | Noticed a mummy priest
  8107 | D        | Noticed a guardian mummy
  8108 | D        | Noticed a mummy priest
  8109 | D        | Killed a guardian mummy
  8110 | D        | Killed a guardian mummy
  8110 | D        | Reached skill level 3 in Fire Magic
  8112 | D        | Noticed a guardian mummy
  8118 | D        | Killed a guardian mummy
  8122 | D        | Killed a guardian mummy
  8122 | D        | Reached skill level 4 in Poison Magic
  8123 | D        | Noticed a guardian mummy
  8129 | D        | Killed a mummy priest
  8129 | D        | Reached skill level 4 in Transmutations
  8131 | D        | Killed a guardian mummy
  8142 | D        | Killed a mummy priest
  8142 | D        | Reached skill level 4 in Fire Magic
  8142 | D        | Reached skill level 5 in Poison Magic
  8144 | D        | Killed a guardian mummy
  8146 | D        | Killed a guardian mummy
  8259 | D        | Noticed a greater mummy
  8259 | D        | Noticed a greater mummy
  8259 | D        | Noticed a greater mummy
  8259 | D        | Noticed a mummy priest
  8259 | D        | Noticed a guardian mummy
  8259 | D        | Noticed a greater mummy
  8260 | D        | Noticed a greater mummy
  8262 | D        | Killed a greater mummy
  8262 | D        | Reached skill level 6 in Transmutations
  8262 | D        | Reached skill level 6 in Fire Magic
  8262 | D        | Reached skill level 7 in Poison Magic
  8263 | D        | Noticed a guardian mummy
  8272 | D        | Killed a greater mummy
  8272 | D        | Reached skill level 8 in Transmutations
  8272 | D        | Reached skill level 7 in Fire Magic
  8272 | D        | Reached skill level 9 in Poison Magic
  8279 | D        | Killed a greater mummy
  8279 | D        | Reached skill level 9 in Transmutations
  8279 | D        | Reached skill level 8 in Fire Magic
  8279 | D        | Reached skill level 10 in Poison Magic
  8280 | D        | Noticed a guardian mummy
  8283 | D        | Killed a mummy priest
  8285 | D        | Killed a guardian mummy
  8298 | D        | Killed a greater mummy
  8298 | D        | Reached skill level 10 in Transmutations
  8298 | D        | Reached skill level 9 in Fire Magic
  8298 | D        | Reached skill level 11 in Poison Magic
  8298 | D        | Reached XP level 23. HP: 183/240 MP: 34/43
  8307 | D        | Killed a greater mummy
  8307 | D        | Reached skill level 11 in Transmutations
  8307 | D        | Reached skill level 10 in Fire Magic
  8307 | D        | Reached skill level 12 in Poison Magic
  8311 | D        | Killed a guardian mummy
  8313 | D        | Killed a guardian mummy
  8316 | D        | Got a golden rune of Zot
  8419 | D        | Noticed a wight
  8419 | D        | Noticed a small abomination
  8419 | D        | Noticed a small abomination
  8419 | D        | Noticed a ynoxinul
  8419 | D        | Noticed a wandering mushroom
  8420 | D        | Noticed a raiju
  8423 | D        | Killed a wight
  8424 | D        | Killed a small abomination
  8425 | D        | Killed a small abomination
  8426 | D        | Noticed a wretched star
  8429 | D        | Noticed an orange demon
  8430 | D        | Noticed an iron imp
  8430 | D        | Killed a ynoxinul
  8432 | D        | Noticed a lorocyproca
  8434 | D        | Killed a wandering mushroom
  8441 | D        | Killed a wretched star
  8444 | D        | Killed a lorocyproca
  8444 | D        | Reached skill level 11 in Fire Magic
  8447 | D        | Killed an orange demon
  8447 | D        | Reached skill level 12 in Transmutations
  8449 | D        | Killed an iron imp
  8457 | D        | Killed a raiju
  8464 | D        | Got an abyssal rune of Zot
  8758 | D        | Got the Orb of Zot
  8876 | D        | Noticed Suxkuplu the pandemonium lord
  8876 | D        | Noticed an ancient lich
  8876 | D        | Reached skill level 13 in Poison Magic
  8887 | D        | Killed Suxkuplu the pandemonium lord
  8892 | D        | Killed an ancient lich
  8892 | D        | Reached skill level 13 in Transmutations
  8892 | D        | Reached skill level 12 in Fire Magic
  8892 | D        | Reached skill level 14 in Poison Magic
  9012 | D        | Reached skill level 15 in Poison Magic
  9075 | D        | Reached skill level 14 in Transmutations
  9075 | D        | Reached skill level 13 in Fire Magic
  9469 | D        | Reached skill level 16 in Poison Magic
  9485 | D        | Killed a jumping spider
  9529 | D        | Reached skill level 15 in Transmutations
  9529 | D        | Reached skill level 14 in Fire Magic
  9571 | D        | Reached skill level 18 in Spellcasting
  9614 | D        | Noticed Heruffo the pandemonium lord
  9632 | D        | Killed Heruffo the pandemonium lord
  9632 | D        | Reached skill level 17 in Poison Magic
  9634 | D        | Reached skill level 16 in Transmutations
  9641 | D        | Reached skill level 15 in Fire Magic
  9839 | D        | Reached skill level 18 in Poison Magic
  9936 | D        | Reached skill level 17 in Transmutations
 10006 | D        | Reached skill level 16 in Fire Magic
 10097 | D        | Reached skill level 19 in Poison Magic
 10164 | D        | Reached skill level 19 in Spellcasting
 10200 | D        | Reached skill level 18 in Transmutations
 10204 | D        | Reached skill level 17 in Fire Magic
 10307 | D        | Reached skill level 20 in Poison Magic
 10356 | D        | Noticed Bucof the pandemonium lord
 10363 | D        | Killed Bucof the pandemonium lord
 10363 | D        | Reached skill level 19 in Transmutations
 10378 | D        | Reached skill level 18 in Fire Magic
 10439 | D        | Reached skill level 21 in Poison Magic
 10458 | D        | Reached XP level 24. HP: 155/249 MP: 45/45
 10470 | D        | Noticed Xaigoxt the pandemonium lord
 10484 | D        | Killed Xaigoxt the pandemonium lord
 10484 | D        | Reached skill level 20 in Transmutations
 10520 | D        | Noticed Marull the pandemonium lord
 10537 | D        | Killed Marull the pandemonium lord
 10537 | D        | Reached skill level 20 in Spellcasting
 10537 | D        | Reached skill level 19 in Fire Magic
 10537 | D        | Reached skill level 22 in Poison Magic
 10666 | D        | Noticed Wycugias the pandemonium lord
 10669 | D        | Reached skill level 21 in Transmutations
 10685 | D        | Killed Wycugias the pandemonium lord
 10685 | D        | Reached skill level 20 in Fire Magic
 10685 | D        | Reached skill level 23 in Poison Magic
 10849 | D        | Escaped with the Orb!

Table legend:
 A = Turns spent in this place as a percentage of turns spent in the entire game.
 B = Non-inter-level travel turns spent in this place as a percentage of non-inter-level travel turns spent in the entire game.
 C = Inter-level travel turns spent in this place as a percentage of turns spent in this place.
 D = Turns resting spent in this place as a percentage of non-inter-level travel turns spent in this place.
 E = Turns spent auto-exploring this place as a percentage of non-inter-level travel turns spent in this place.
 F = Non-inter-level travel turns spent in this place divided by the number of levels of this place that you've seen.
                   A       B       C       D       E      F
               +-------+-------+-------+-------+-------+----------------------
         Total | 100.0 | 100.0 |   0.1 |   1.6 |   1.4 | 6193.0
       Dungeon | 100.0 | 100.0 |   0.1 |   1.6 |   1.4 | 6193.0
               +-------+-------+-------+-------+-------+----------------------

Table legend:
 A = Kills in this place as a percentage of kills in entire the game.
 B = Kills by you in this place as a percentage of kills by you in the entire game.
 C = Kills by friends in this place as a percentage of kills by friends in the entire game.
 D = Other kills in this place as a percentage of other kills in the entire game.
 E = Experience gained in this place as a percentage of experience gained in the entire game.
 F = Experience gained in this place divided by the number of levels of this place that you have seen.
                   A       B       C       D       E      F
               +-------+-------+-------+-------+-------+----------------------
         Total | 100.0 | 100.0 |  -nan | 100.0 | 100.0 | 862568.0
       Dungeon | 100.0 | 100.0 |  -nan | 100.0 | 100.0 | 862568.0
               +-------+-------+-------+-------+-------+----------------------

Vanquished Creatures
  the royal jelly (D)
  9 ancient liches (D)
  6 orbs of fire (D)
  Mara (D)
  Mennas (D)
  5 greater mummies (D)
  6 pandemonium lords (D)
  Boris (D)
  Frederick (D)
  Margery (D)
  Norris (D)
  6 golden dragons (D)
  Nikola (D)
  Jory (D)
  Xtahua (D)
  A Brimstone Fiend (D)
  6 electric golems (D)
  3 liches (D)
  2 tentacled monstrosities (D)
  An Ice Fiend (D)
  41 Orb Guardians (D)
  A quicksilver dragon (D)
  A deep elf master archer (D)
  4 deep elf blademasters (D)
  12 sphinxes (D)
  10 acid blobs (D)
  3 Shadow Fiends (D)
  A thorn hunter (D)
  2 death cobs (D)
  6 greater nagas (D)
  5 shadow dragons (D)
  5 azure jellies (D)
  Ilsuiw (D)
  4 storm dragons (D)
  A warmonger (D)
  A cacodemon (D)
  3 deep elf sorcerers (D)
  Louise (D)
  4 vault wardens (D)
  6 emperor scorpions (D)
  2 draconian shifters (D)
  3 balrugs (D)
  4 ghost moths (D)
  A draconian annihilator (D)
  3 reapers (D)
  2 very ugly things (D)
  4 ironheart preservers (D)
  3 blood saints (D)
  A draconian caller (D)
  3 stone giants (D)
  5 vampire knights (D)
  2 black draconians (D)
  3 green draconians (D)
  2 chaos champions (D)
  2 deep elf demonologists (D)
  2 lorocyprocas (D)
  2 corrupters (D)
  A mottled draconian (D)
  4 white draconians (D)
  5 red draconians (D)
  3 yellow draconians (D)
  3 purple draconians (D)
  A blizzard demon (D)
  A green death (D)
  2 black suns (D)
  4 merfolk impalers (D)
  4 merfolk javelineers (D)
  25 vault guards (D)
  7 death oozes (D)
  3 deep elf death magi (D)
  An ettin (D)
  3 mummy priests (D)
  2 yaktaur captains (D)
  5 fire dragons (D)
  3 great orbs of eyes (D)
  Erolcha (D)
  4 ice dragons (D)
  A rakshasa (D)
  2 entropy weavers (D)
  7 naga warriors (D)
  A centaur warrior (D)
  A hell beast (D)
  6 hydras (D)
  3 monstrous demonspawn (D)
  3 merfolk avatars (D)
  Erica (D)
  2 deep troll shamans (D)
  A tengu warrior (D)
  A merfolk aquamancer (D)
  An ogre mage (D)
  A satyr (D)
  A death yak (D)
  A satyr (shapeshifter) (D)
  2 large abominations (D)
  5 hell knights (D)
  2 ice devils (D)
  Nergalle (D)
  5 sun demons (D)
  A shock serpent (D)
  A salamander mystic (D)
  A wretched star (D)
  3 soul eaters (D)
  A shadow demon (D)
  2 hell hogs (D)
  7 swamp dragons (D)
  2 putrid demonspawn (D)
  A deep troll (D)
  An unseen horror (D)
  A shambling mangrove (D)
  An orc knight (D)
  A torturous demonspawn (D)
  A phantasmal warrior (D)
  3 necromancers (D)
  2 hill giants (D)
  2 ugly things (D)
  9 orc sorcerers (D)
  A wolf spider (D)
  6 moths of wrath (D)
  4 wizards (D)
  3 ironbrand convokers (D)
  3 manticores (D)
  A griffon (D)
  A mana viper (D)
  2 hornets (D)
  3 sixfirhies (D)
  A guardian serpent (D)
  Joseph (D)
  4 rust devils (D)
  4 vault sentinels (D)
  Psyche (D)
  3 naga magi (D)
  A kobold demonologist (D)
  2 hellions (D)
  2 spiny frogs (D)
  3 orange demons (D)
  2 gargoyles (D)
  6 yaktaurs (D)
  3 smoke demons (D)
  A tengu conjurer (D)
  2 komodo dragons (D)
  2 demonic crawlers (D)
  5 hellwings (D)
  3 trolls (D)
  20 guardian mummies (D)
  A wandering mushroom (D)
  2 merfolk (D)
  6 blue devils (D)
  A slime creature (D)
  A red devil (D)
  A bog body (D)
  7 jumping spiders (D)
  A snapping turtle (D)
  A boulder beetle (D)
  A raiju (shapeshifter) (D)
  A raiju (D)
  2 tarantellas (D)
  2 redbacks (D)
  2 ynoxinuls (D)
  3 shadows (D)
  A wraith (D)
  2 golden eyes (D)
  11 spriggans (D)
  A yak (D)
  2 hungry ghosts (D)
  2 vampire mosquitoes (D)
  A warg (D)
  A chaos spawn (D)
  2 neqoxecs (D)
  4 hippogriffs (D)
  6 hell hounds (D)
  An insubstantial wisp (D)
  2 nagas (D)
  4 wolves (D)
  13 orc warriors (D)
  2 mottled dragons (D)
  3 porcupines (D)
  4 water moccasins (D)
  2 eyes of draining (D)
  4 wasps (D)
  4 small abominations (D)
  2 giant frogs (D)
  A wight (D)
  A crimson imp (D)
  A jelly (D)
  3 iron imps (D)
  3 orc priests (D)
  9 orc wizards (D)
  A worker ant (D)
  A sheep (D)
  2 adders (D)
  A river rat (D)
  A shadow imp (D)
  A white imp (D)
  An ufetubus (D)
  4 orcs (D)
  A ball python (D)
  2 bat skeletons (D)
  2 bat zombies (D)
  A hobgoblin (D)
  A quokka (D)
  A bat (D)
  A giant cockroach zombie (D)
  3 giant geckos (D)
  A goblin (D)
  A jackal zombie (D)
  A kobold (D)
  A crawling corpse (D)
  2 fire vortices (D)
625 creatures vanquished.

Vanquished Creatures (others)
  A black sun (D)
  A draconian shifter (D)
  A deep elf annihilator (D)
  A merfolk aquamancer (D)
  A rakshasa (D)
  A deep elf priest (D)
  2 fulminant prisms (D)
8 creatures vanquished.

Grand Total: 633 creatures vanquished
